 Dungeon Crawl Stone Soup version 0.24.0-1-gfbc8707122 (webtiles) character file.

Game seed: 7404208545988241962, levelgen mode: deterministic

473500 Aviak the Hoplite (level 23, 0/235 HPs)
             Began as a Deep Dwarf Fighter on Oct 25, 2019.
             Was the Champion of Makhleb.
             Slain by a deep troll shaman (7 damage)
             ... on level 5 of the Depths.
             The game lasted 01:21:52 (37129 turns).

Aviak the Hoplite (Deep Dwarf Fighter)             Turns: 37129, Time: 01:21:53

Health: 0/235      AC: 42    Str: 30    XL:     23   Next: 28%
Magic:  21/21 (17) EV:  7    Int: 10    God:    Makhleb [******]
Gold:   4708       SH: 32    Dex: 10    Spells: 22/22 levels left

rFire    + + .     SeeInvis .   O - +7 broad axe (elec)
rCold    + . .     Gourm    .   j - +2 large shield
rNeg     + . .     Faith    .   a - +6 gold dragon scales {rF+ rC+ rPois}
rPois    +         Spirit   .   W - +0 Maxwell's etheric cage {RegenMP+ *Contam rElec MP+4}
rElec    +         Reflect  +   E - scarf {cloud immunity}
rCorr    .         Harm     .   B - +2 pair of gloves {archery}
MR       +++..                  I - +0 pair of boots
Stlth    ..........             Q - amulet of Weppots {Reflect Int+3 SH+5}
HPRegen  0.00/turn              A - +5 ring of protection MPRegen 0.67/turn*
                                F - ring of protection from fire

@: non-regenerating, hasted, constricted, slow
A: damage resistance, heal wounds, blurry vision 2, clumsy 1, dopey 1, negative
energy resistance 1, sense surroundings 3, subdued magic 1, no regeneration
}: 3/15 runes: serpentine, barnacled, abyssal
a: Heal Wounds, Minor Destruction, Lesser Servant of Makhleb, Major Destruction,
Greater Servant of Makhleb, Renounce Religion


You were on level 5 of the Depths.
You worshipped Makhleb.
Makhleb was exalted by your worship.
You were hungry.

You visited 8 branches of the dungeon, and saw 41 of its levels.
You visited the Abyss 1 time.

You collected 6565 gold pieces.
You spent 1857 gold pieces at shops.

Inventory:

Hand Weapons
 O - a +7 broad axe of electrocution (weapon)
Armour
 a - +6 gold dragon scales (worn) {rF+ rC+ rPois}
 j - a +2 large shield (worn)
 B - a +2 pair of gloves of archery (worn)
 E - a scarf of cloud immunity (worn)
 I - a +0 pair of boots (worn)
 W - the +0 Maxwell's etheric cage (worn) {RegenMP+ *Contam rElec MP+4}
   (You found it on level 12 of the Dungeon)

   It insulates you from electricity.
   It affects your magic capacity (+4).
   It causes magical contamination when unequipped.
Jewellery
 A - a +5 ring of protection (left hand)
 C - an uncursed ring of protection from cold
 F - a ring of protection from fire (right hand)
 Q - the amulet of Weppots (around neck) {Reflect Int+3 SH+5}
   (You found it on level 5 of the Lair of Beasts)

   [amulet of reflection]

   It shields you and reflects attacks.
   It affects your intelligence (+3).
   It affects your SH (+5).
 Z - an uncursed ring of see invisible
Wands
 d - a wand of iceblast (31)
 D - a wand of flame (76)
 J - a wand of scattershot (4)
 L - a wand of digging (20)
 N - a wand of paralysis (28)
 S - a wand of clouds (5)
 Y - a wand of acid (6)
Scrolls
 g - 8 scrolls of fear
 i - 13 scrolls of identify
 n - 10 scrolls of amnesia
 p - 7 scrolls of immolation
 q - 8 scrolls of magic mapping
 r - 8 scrolls of remove curse
 s - a scroll of summoning {!r}
 t - 20 scrolls of teleportation
 u - 4 scrolls of silence {!r}
 w - 3 scrolls of enchant armour
 x - 6 scrolls of blinking
 H - 8 scrolls of fog
 P - 2 scrolls of holy word
Potions
 b - 4 potions of agility
 c - 11 potions of curing
 f - 6 potions of haste
 l - 3 potions of cancellation
 m - 2 potions of brilliance
 o - 10 potions of flight
 v - 6 potions of mutation {!q}
 y - 3 potions of magic
 z - 3 potions of berserk rage
 G - 5 potions of invisibility
 K - 4 potions of ambrosia
 U - 4 potions of might
 V - a potion of resistance
Miscellaneous
 R - a lightning rod (4/4)
 T - a lamp of fire
 X - 2 phantom mirrors
Comestibles
 e - 63 rations


   Skills:
 + Level 20.1 Fighting
 - Level 18.0 Axes
 + Level 21.1 Armour
 - Level 8.0 Dodging
 - Level 0.6 Stealth
 + Level 21.9 Shields
 - Level 15.0 Invocations
 - Level 3.0 Evocations


You had 22 spell levels left.
You didn't know any spells.
Your spell library contained the following spells:

 Spells                   Type           Power        Failure   Level  Hunger
 Animate Skeleton         Necr           N/A          99%         1    ##.....
 Beastly Appendage        Tmut           #.....       99%         1    ##.....
 Confusing Touch          Hex            #.....       99%         1    ##.....
 Corona                   Hex            #......      99%         1    ##.....
 Pain                     Necr           #...         99%         1    ##.....
 Shock                    Conj/Air       #...         99%         1    ##.....
 Sting                    Conj/Pois      #...         99%         1    ##.....
 Corpse Rot               Necr           N/A          100%        2    ###....
 Ensorcelled Hibernation  Hex/Ice        #.....       100%        2    ###....
 Passwall                 Tmut/Erth      #.......     100%        2    ###....
 Poisonous Vapours        Pois/Air       #.....       100%        2    ###....
 Searing Ray              Conj           #.....       100%        2    ###....
 Shroud of Golubria       Chrm/Tloc      #.....       100%        2    ###....
 Sticks to Snakes         Tmut           #.......     100%        2    ###....
 Sublimation of Blood     Necr           #.........   100%        2    ###....
 Confuse                  Hex            #.......     100%        3    ####...
 Conjure Flame            Conj/Fire      #.......     100%        3    ####...
 Dazzling Spray           Conj/Hex       #.....       100%        3    ####...
 Gell's Gravitas          Tloc           #.........   100%        3    ####...
 Lesser Beckoning         Tloc           #.........   100%        3    ####...
 Mephitic Cloud           Conj/Pois/Air  #.......     100%        3    ####...
 Portal Projectile        Hex/Tloc       #.....       100%        3    ####...
 Recall                   Summ/Tloc      N/A          100%        3    ####...
 Spider Form              Tmut/Pois      #.........   100%        3    ####...
 Stone Arrow              Conj/Erth      #.....       100%        3    ####...
 Summon Guardian Golem    Hex/Summ       #.......     100%        3    ####...
 Tukima's Dance           Hex            #.......     100%        3    ####...
 Vampiric Draining        Necr           #.........   100%        3    ####...
 Animate Dead             Necr           N/A          100%        4    #####..
 Force Lance              Conj/Tloc      #.......     100%        4    #####..
 Ice Form                 Ice/Tmut       #.......     100%        4    #####..
 Leda's Liquefaction      Hex/Erth       #.........   100%        4    #####..
 Olgreb's Toxic Radiance  Pois           #.......     100%        4    #####..
 Petrify                  Tmut/Erth      #.......     100%        4    #####..
 Agony                    Necr           #.......     100%        5    ######.
 Blade Hands              Tmut           #.........   100%        5    ######.
 Bolt of Draining         Conj/Necr      #.........   100%        5    ######.
 Borgnjor's Vile Clutch   Necr/Erth      #.........   100%        5    ######.
 Dispel Undead            Necr           #.......     100%        5    ######.
 Excruciating Wounds      Chrm/Necr      #.........   100%        5    ######.
 Fireball                 Conj/Fire      #.........   100%        5    ######.
 Irradiate                Conj/Tmut      #.........   100%        5    ######.
 Lee's Rapid Deconstruct  Erth           #.........   100%        5    ######.
 Metabolic Englaciation   Hex/Ice        #.........   100%        5    ######.
 Summon Forest            Summ/Tloc      #.........   100%        5    ######.
 Venom Bolt               Conj/Pois      #.........   100%        5    ######.
 Yara's Violent Unravell  Hex/Tmut       #.........   100%        5    ######.
 Death Channel            Necr           #.........   100%        6    #######
 Dispersal                Tloc           #.........   100%        6    #######
 Freezing Cloud           Conj/Ice/Air   #.........   100%        6    #######
 Hydra Form               Tmut           #.........   100%        6    #######
 Iron Shot                Conj/Erth      #.........   100%        6    #######
 Poison Arrow             Conj/Pois      #.........   100%        6    #######
 Simulacrum               Ice/Necr       #.........   100%        6    #######
 Statue Form              Tmut/Erth      #........    100%        6    #######
 Dragon Form              Tmut           #.........   100%        7    #######
 Ring of Flames           Chrm/Fire      #.........   100%        7    #######
 Chain Lightning          Conj/Air       #.........   100%        8    #######
 Controlled Blink         Tloc           N/A          100%        8    #######
 Disjunction              Tloc           #.........   100%        8    #######
 Lehudib's Crystal Spear  Conj/Erth      #.........   100%        8    #######
 Fire Storm               Conj/Fire      #.........   100%        9    #######
 Glaciate                 Conj/Ice       #.........   100%        9    #######
 Regeneration             Chrm/Necr      Unusable     N/A         3    N/A

Dungeon Overview and Level Annotations

Branches:
Dungeon (15/15)            Temple (1/1) D:4            Lair (6/6) D:11
 Shoals (4/4) Lair:3        Snake (4/4) Lair:3        Slime (0/5) Lair:5
    Orc (2/2) D:10            Elf (0/3) Orc:2        Vaults (4/5) D:13
  Crypt (0/3) Vaults:3     Depths (5/5) D:15
    Zot: Depths:5

Altars:
Ashenzari
Cheibriados
Dithmenos
Elyvilon
Fedhas
Gozag
Hepliaklqana
Kikubaaqudgha
Makhleb
Nemelex Xobeh
Okawaru
Qazlal
Ru
Sif Muna
Trog
Uskayaw
Vehumet
Wu Jian
Xom
Yredelemnul
Zin
The Shining One
Beogh

Shops:
D:6 :   D:7 *   D:9 (   D:11 *   D:13 =   D:15 *   Orc:2 (=(!   Shoals:1 (
Vaults:3 =[   Depths:2 !   Depths:4 (*(!?

Portals:
Hell: Depths:1 Depths:2 Depths:3 Depths:4
Abyss: Depths:2 Depths:4
Ziggurat: Depths:4

Annotations:
D:5 Prince Ribbit
Lair:1 exclusion: 2 oklob plants
Lair:5 exclusion: oklob plant
Snake:3 1 runed translucent door, Mesmaeker13's ghost, adept KoAs
Vaults:4 3 runed translucent doors, Lianjan's ghost, adept GnWr


Innate Abilities, Weirdness & Mutations

You are resistant to damage.
You can heal yourself by infusing magical energy.
You resist negative energy. (rN+)
You passively map a large area around you.
You do not regenerate.
Scrolls take you longer to read.
You are clumsy. (Dex -2)
You are dopey. (Int -2)
Your spells are a little easier to cast, but a little less powerful.


Message History

Unknown command.
You feel much better. You block the deep troll's attack. x3
You block the tentacled monstrosity's attack.
The tentacled monstrosity tentacle-slaps you but does no damage. x2
* * * LOW HITPOINT WARNING * * *
The tentacled monstrosity constricts you!
The iron troll bites you!!
* * * LOW HITPOINT WARNING * * *
The iron troll claws you.
* * * LOW HITPOINT WARNING * * *
The iron troll claws you but does no damage.
The stone giant hits you.
* * * LOW HITPOINT WARNING * * *
The deep troll shaman bites you!
* * * LOW HITPOINT WARNING * * *
The deep troll shaman barely misses you.
The deep troll shaman claws you but does no damage.
The deep troll shaman bites you but does no damage.
The deep troll shaman claws you!
You die...

*..≈≈....... , ,
#....≈...... ,
*..≈≈....... , ,
#.≈≈.≈.....,≈ ≈
..<.≈....., ≈ ,
###.≈≈≈..... ≈ ,
###...≈≈≈..... ≈
#.<..CXC≈≈≈...
≈, ,
*#...≈≈@TT≈≈...
,,
#......TTT.≈≈...
,
##......CE......
,, ,,
#......#..≈≈≈≈.
,,
##.....#..≈≈≈..,
,
###...........,
............ ,
##... ....... ,
* , , , ,,


You could see a tentacled monstrosity, a frost giant, an iron troll, 2 stone
giants, a deep troll, 3 deep troll shamans and a water elemental.

Vanquished Creatures
  Mennas (Depths:4)
  2 juggernauts
  Vashnia (Snake:2)
  Saint Roka (Snake:2)
  A caustic shrike (Depths:2)
  5 bone dragons
  A profane servitor (Abyss:4)
  5 liches
  A hellephant (Abyss:2)
  2 tentacled monstrosities (Depths:4)
  A titan (Depths:3)
  11 tentacled starspawn
  4 sphinxes
  A kraken (Shoals:4)
  2 shadow dragons
  2 tengu reavers (Depths:2)
  14 nagarajas
  7 fire giants
  A daeva (Abyss:4)
  A revenant (Abyss:2)
  3 deep elf sorcerers
  An iron dragon (Vaults:2)
  4 frost giants
  A draconian scorcher (Abyss:4)
  A cacodemon (Abyss:4)
  An orc warlord (Vaults:4)
  A juggernaut zombie (Depths:1)
  An angel (Abyss:4)
  8 vault wardens
  A balrug (Abyss:4)
  Aizul (Snake:2)
  10 ironheart preservers
  2 ophanim (Abyss:4)
  11 stone giants
  A caustic shrike skeleton (Vaults:2)
  3 spriggan defenders
  9 very ugly things
  2 vampire knights
  A lorocyproca (Abyss:2)
  An entropy weaver (Vaults:2)
  6 spark wasps
  2 dire elephants (Lair:6)
  An eidolon (Abyss:4)
  A deep elf death mage (Vaults:3)
  Josephine (Lair:6)
  3 jiangshi (Depths:4)
  2 merfolk javelineers (Shoals:4)
  5 merfolk impalers
  12 ettins
  7 fire dragons
  6 yaktaur captains
  6 great orbs of eyes
  A hell beast (Depths:1)
  5 hydras
  3 ghost crabs (Vaults:2)
  7 ice dragons
  3 spriggan air magi
  6 rakshasas
  7 naga warriors
  8 vault guards
  4 merfolk avatars
  5 centaur warriors
  A merfolk aquamancer (Shoals:2)
  13 anacondas
  29 two-headed ogres
  2 dancing weapons (Abyss:4)
  5 tengu warriors
  A catoblepas (Lair:5)
  A satyr (shapeshifter) (Abyss:4)
  3 death knights (Vaults:3)
  3 vampire magi
  6 deep troll earth magi
  4 deep troll shamans
  A satyr (Shoals:2)
  11 ogre magi
  2 shock serpents
  A titan zombie (Vaults:4)
  9 spriggan berserkers
  11 thrashing horrors
  14 naga sharpshooters
  10 hell knights
  A deep elf knight (Vaults:4)
  12 wretched stars
  5 shadow wraiths
  3 spatial maelstroms
  2 sixfirhies
  A skeletal warrior (Vaults:3)
  A salamander mystic (Snake:2)
  A cherub (Abyss:4)
  A death drake (Abyss:4)
  An unseen horror (shapeshifter) (Vaults:2)
  23 deep trolls
  5 unseen horrors
  A swamp dragon (shapeshifter) (Abyss:4)
  2 wizards
  An obsidian statue (Vaults:4)
  A wolf spider zombie (D:14)
  A storm dragon skeleton (Abyss:2)
  5 deep elf archers
  3 glowing orange brains
  4 sea snakes
  A golden dragon skeleton (Vaults:2)
  7 naga ritualists
  A flayed ghost (Vaults:1)
  9 necromancers
  4 phantasmal warriors
  19 orc knights
  7 harpies
  13 ironbrand convokers
  4 deep elf magi
  An orb spider (Abyss:4)
  A lindwurm (Lair:4)
  2 harpies (shapeshifter)
  An orb spider (shapeshifter) (Depths:2)
  5 wolf spiders
  28 ugly things
  A human zombie (Vaults:4)
  10 mana vipers
  13 salamanders
  A worldbinder (Abyss:4)
  2 orc sorcerers (Vaults:2)
  A shining eye (Abyss:4)
  6 cyclopes
  3 sphinx skeletons
  12 fauns
  2 salamanders (shapeshifter) (D:15)
  6 merfolk sirens
  11 manticores
  A water nymph (shapeshifter) (D:15)
  An elf zombie (Depths:1)
  21 guardian serpents
  An elephant (shapeshifter) (D:15)
  2 fire giant skeletons
  A rust devil (Depths:1)
  39 black mambas
  7 water nymphs
  A guardian serpent (shapeshifter) (D:15)
  15 naga magi
  A titan simulacrum (Vaults:2)
  8 elephants
  15 vault sentinels
  Joseph (D:9)
  4 gargoyles
  An orange demon (Abyss:4)
  12 spiny frogs
  10 komodo dragons
  A komodo dragon (shapeshifter) (Vaults:4)
  A hellion (Abyss:4)
  4 rime drakes
  2 efreet
  A hellwing (Abyss:2)
  A golden dragon simulacrum (Depths:1)
  20 yaktaurs
  16 freezing wraiths
  An ice devil (Abyss:3)
  7 tengu conjurers
  2 red devils
  5 ancient zymes
  3 meliai (D:13)
  12 merfolk
  A meliai (shapeshifter) (Abyss:4)
  A silent spectre (Abyss:3)
  8 wind drakes
  6 hornets
  A polar bear (Lair:5)
  9 trolls
  A tyrant leech (shapeshifter) (Depths:3)
  A shadow dragon simulacrum (Vaults:2)
  A polar bear (shapeshifter) (Vaults:3)
  A blink frog (shapeshifter) (Vaults:4)
  2 jumping spiders (shapeshifter)
  A tengu simulacrum (Depths:1)
  A sphinx simulacrum (Vaults:4)
  20 blink frogs
  41 raiju
  27 slime creatures
  6 snapping turtles
  A human simulacrum (Vaults:3)
  13 hippogriffs
  A raiju (shapeshifter) (Depths:2)
  An iron dragon simulacrum (Vaults:2)
  A flying skull (Abyss:2)
  A spriggan (shapeshifter) (Depths:1)
  7 wraiths
  A tarantella (shapeshifter) (Vaults:4)
  3 redbacks (Vaults:2)
  4 spriggans
  21 yaks
  5 ynoxinuls
  16 water elementals
  A wyvern (D:15)
  Eustachio (D:5)
  A basilisk (shapeshifter) (Vaults:2)
  A human (shapeshifter) (Vaults:4)
  22 small abominations
  A hog (shapeshifter) (Vaults:1)
  4 hogs (D:7)
  3 steam dragons
  A human (D:7)
  8 golden eyes (Abyss:4)
  18 large abominations
  3 hungry ghosts
  6 basilisks
  4 neqoxecs
  4 vampire mosquitoes (D:13)
  59 nagas
  Menkaure (D:6)
  A spatial vortex (Abyss:4)
  6 chaos spawn
  4 insubstantial wisps (Abyss:4)
  6 acid dragons
  13 wargs
  A soldier ant (D:12)
  Duvessa (D:7)
  14 water moccasins
  A floating eye (shapeshifter) (Vaults:4)
  9 porcupines
  49 orc warriors
  5 sky beasts
  3 phantoms
  2 black bears
  8 ice beasts
  28 ogres
  12 wolves
  An eye of draining (Abyss:3)
  A fire dragon simulacrum (Abyss:4)
  4 boggarts (Vaults:2)
  9 centaurs
  13 crocodiles
  A big kobold (D:12)
  2 earth elementals (Vaults:2)
  Blork the orc (D:4)
  20 bullfrogs
  A gnoll sergeant (D:12)
  Dowan (D:7)
  3 scorpions
  11 howler monkeys
  5 killer bees (D:7)
  9 wights
  3 bullfrog zombies
  7 crimson imps
  A howler monkey (shapeshifter) (Depths:2)
  39 starcursed masses
  5 centaur zombies
  2 bullfrog skeletons
  9 jellies
  25 orc priests
  5 hounds
  19 orc wizards
  7 centaur skeletons
  An iron imp (Abyss:3)
  11 worker ants
  3 iguanas
  2 polar bear simulacra (D:14)
  2 yak simulacra (D:14)
  2 wolf simulacra (D:14)
  2 hound zombies
  A hound skeleton (D:7)
  A worker ant zombie (D:6)
  A howler monkey skeleton (D:5)
  4 gnolls (D:12)
  12 adders
  4 shadow imps
  3 white imps
  An ooze (D:4)
  3 worms
  3 dart slugs
  8 leopard geckos
  115 orcs
  9 bats
  12 giant cockroaches
  4 hobgoblins
  4 jackals (D:7)
  13 kobolds
  3 quokkas
  2 ball pythons
  5 frilled lizards
  4 goblins
  A leopard gecko skeleton (D:6)
  2 quokka skeletons (D:4)
  7 rats
  5 river rat simulacra (D:14)
  4 fungi
  A lurking horror (Abyss:4)
  6 plants
  17 starspawn tentacles
1803 creatures vanquished.

Vanquished Creatures (collateral kills)
  Mara (Depths:3)
  A golden dragon (Depths:2)
  A tentacled starspawn (Abyss:4)
  A dire elephant (Lair:6)
  A merfolk javelineer (Shoals:4)
  2 merfolk impalers (Shoals:4)
  A hydra (Lair:4)
  An ice dragon (Depths:2)
  2 merfolk avatars (Shoals:4)
  2 merfolk aquamancers (Shoals:4)
  A naga warrior (Snake:2)
  A satyr (Shoals:4)
  A centaur warrior (Depths:2)
  2 alligator snapping turtles
  An ogre mage (Depths:2)
  A thrashing horror (Abyss:4)
  A sun demon (Abyss:4)
  A salamander mystic (Snake:2)
  A cherub (Abyss:4)
  3 sea snakes
  A glowing orange brain (Abyss:4)
  2 salamanders (Snake:2)
  A manticore (Shoals:2)
  A naga mage (Snake:2)
  A black mamba (Snake:2)
  A merfolk (Shoals:4)
  2 wind drakes (Shoals:4)
  4 raiju (Abyss:4)
  2 hippogriffs
  3 water elementals (Shoals:4)
  2 spatial vortices (Abyss:4)
  3 large abominations (Abyss:4)
  An orc warrior (Snake:2)
  An eye of draining (Abyss:4)
  2 wolves (Lair:5)
  A small abomination (Abyss:4)
  A crocodile (Lair:5)
  4 tentacles (Shoals:4)
59 creatures vanquished.

Vanquished Creatures (others)
  A very ugly thing (Abyss:4)
  An ironheart preserver (Vaults:4)
  2 yaktaur captains
  A naga warrior (Snake:4)
  A naga sharpshooter (Snake:4)
  A deep elf knight (Vaults:4)
  A wizard (Vaults:2)
  A salamander (Snake:2)
  A cyclops (D:15)
  A naga mage (Vaults:2)
  5 yaktaurs
  A small abomination (Abyss:4)
  2 centaurs
  An ogre (Vaults:4)
  A starcursed mass (Abyss:2)
  A hound (D:13)
  2 orcs (D:7)
  4 fungi
  7 plants
  16 starspawn tentacles
  2 tentacles (Shoals:4)
  2 withered plants (Snake:3)
55 creatures vanquished.

Grand Total: 1917 creatures vanquished

Notes
Turn   | Place    | Note
-------+----------+-------------------------------------------
     0 | D:1      | Aviak the Deep Dwarf Fighter began the quest for the Orb.
     0 | D:1      | Reached XP level 1. HP: 20/20 MP: 1/1
   172 | D:1      | Reached XP level 2. HP: 21/27 MP: 2/2
   671 | D:1      | Reached XP level 3. HP: 16/33 MP: 3/3
  1026 | D:2      | Found a faded altar of an unknown god.
  1513 | D:3      | Reached XP level 4. HP: 18/40 MP: 4/4
  1620 | D:3      | Reached skill level 1 in Dodging
  1840 | D:3      | Reached XP level 5. HP: 43/49 MP: 5/5
  2375 | D:4      | Found a staircase to the Ecumenical Temple.
  2427 | D:4      | Noticed Blork the orc
  2440 | D:4      | Killed Blork the orc
  2440 | D:4      | Reached XP level 6. HP: 34/57 MP: 6/6
  2513 | Temple   | Entered the Ecumenical Temple
  2615 | Temple   | Became a worshipper of Makhleb the Destroyer
  3098 | D:5      | Entered Level 5 of the Dungeon
  3120 | D:5      | Reached skill level 5 in Axes
  3127 | D:5      | Reached skill level 5 in Armour
  3127 | D:5      | Reached XP level 7. HP: 25/64 MP: 6/6
  3244 | D:5      | Reached skill level 5 in Shields
  3248 | D:5      | Noticed Prince Ribbit
  3279 | D:5      | Noticed Eustachio
  3303 | D:5      | Killed Eustachio
  3520 | D:5      | Reached XP level 8. HP: 31/73 MP: 7/7
  3695 | D:6      | Reached skill level 5 in Fighting
  3766 | D:6      | Found Ribbet's Book Shoppe.
  3810 | D:6      | Found a shadowy altar of Dithmenos.
  3832 | D:6      | Reached * piety under Makhleb
  3871 | D:6      | Identified the Catalogue of Damaging Summoning
  4062 | D:6      | Noticed Menkaure
  4066 | D:6      | Killed Menkaure
  4443 | D:7      | Gained mutation: You passively map the area around you.
                  | [Deep Dwarf growth]
  4443 | D:7      | Reached XP level 9. HP: 31/82 MP: 6/6
  4730 | D:7      | Reached ** piety under Makhleb
  4796 | D:7      | Noticed Duvessa
  4798 | D:7      | Noticed Dowan
  4806 | D:7      | Killed Duvessa
  4806 | D:7      | Killed Dowan
  4909 | D:7      | Found Gabin's General Store.
  4991 | D:7      | Found a stormy altar of Qazlal.
  5480 | D:8      | Found a basalt altar of Yredelemnul.
  5813 | D:9      | Reached XP level 10. HP: 35/94 MP: 5/5
  5849 | D:9      | Noticed Joseph
  5863 | D:9      | Killed Joseph
  6039 | D:9      | Found Nepy's Weapon Shoppe.
  6047 | D:9      | Bought a +5 broad axe of electrocution for 518 gold pieces
  6250 | D:9      | Found a sacrificial altar of Ru.
  6417 | D:10     | Entered Level 10 of the Dungeon
  6652 | D:10     | Found a staircase to the Orcish Mines.
  6846 | D:10     | Reached *** piety under Makhleb
  7240 | D:11     | Found a staircase to the Lair.
  7374 | D:11     | Noticed a cyclops
  7383 | D:11     | Killed a cyclops
  7383 | D:11     | Reached XP level 11. HP: 90/103 MP: 6/6
  7452 | D:11     | Noticed a cyan ugly thing
  7469 | D:11     | Killed a cyan ugly thing
  7469 | D:11     | Reached skill level 10 in Axes
  7469 | D:11     | Reached skill level 10 in Armour
  7674 | D:11     | Found Coaquen's Island Escapes.
  7921 | D:12     | Paralysed by a hornet for 2 turns
  7925 | D:12     | Reached skill level 10 in Shields
  7971 | Lair:1   | Entered Level 1 of the Lair of Beasts
  8151 | Lair:1   | Reached **** piety under Makhleb
  8193 | Lair:1   | Noticed an oklob plant
  8193 | Lair:1   | Noticed an oklob plant
  8964 | Lair:2   | Reached skill level 1 in Invocations
  8966 | Lair:2   | Reached skill level 1 in Evocations
  9877 | Lair:3   | Found a gate leading to a gauntlet.
 10030 | Lair:3   | Found a staircase to the Snake Pit.
 10047 | Lair:3   | Reached XP level 12. HP: 113/114 MP: 9/9
 10231 | Lair:3   | Found a staircase to the Shoals.
 10458 | Lair:3   | Noticed a five-headed hydra
 10481 | Lair:3   | Killed a ten-headed hydra
 10811 | Lair:4   | Reached skill level 5 in Dodging
 10979 | Lair:4   | Reached skill level 10 in Fighting
 11198 | Lair:4   | Reached skill level 5 in Invocations
 11349 | Lair:4   | Noticed an eight-headed hydra
 11369 | Lair:4   | Killed a nine-headed hydra
 12177 | Lair:5   | Found a staircase to the Slime Pits.
 12268 | Lair:5   | Noticed a catoblepas
 12282 | Lair:5   | Killed a catoblepas
 12284 | Lair:5   | Reached ***** piety under Makhleb
 12484 | Lair:5   | Noticed a six-headed hydra
 12498 | Lair:5   | Killed an eight-headed hydra
 12521 | Lair:5   | Reached XP level 13. HP: 84/124 MP: 12/12
 12529 | Lair:5   | Identified the amulet of Weppots {Reflect Int+3 SH+5} (You
                  | found it on level 5 of the Lair of Beasts)
 12942 | Lair:6   | Entered Level 6 of the Lair of Beasts
 13176 | Lair:6   | Noticed Josephine
 13187 | Lair:6   | Killed Josephine
 13955 | Lair:6   | Noticed a dire elephant
 13955 | Lair:6   | Noticed a dire elephant
 13970 | Lair:6   | Killed a dire elephant
 13973 | Lair:6   | Killed a dire elephant
 14108 | Lair:6   | Noticed a dire elephant
 14128 | Lair:6   | Killed a dire elephant
 14276 | Lair:6   | Noticed a dire elephant
 14532 | D:12     | Found a shattered altar of Ashenzari.
 14740 | D:12     | Found the +0 Maxwell's etheric cage {RegenMP+ *Contam rElec
                  | MP+4}
 15010 | D:12     | Found a roughly hewn altar of Beogh.
 15325 | D:12     | Found a blossoming altar of Fedhas.
 15518 | Orc:1    | Entered Level 1 of the Orcish Mines
 15604 | Orc:1    | Gained mutation: You resist negative energy. (rN+) [Deep
                  | Dwarf growth]
 15604 | Orc:1    | Reached XP level 14. HP: 135/135 MP: 15/15
 15913 | Orc:2    | Entered Level 2 of the Orcish Mines
 15918 | Orc:2    | Found a roughly hewn altar of Beogh.
 16172 | Orc:2    | Reached ****** piety under Makhleb
 16237 | Orc:2    | Reached skill level 10 in Invocations
 16326 | Orc:2    | Found a roughly hewn altar of Beogh.
 16353 | Orc:2    | Found Jeuhas's Weapon Shoppe.
 16353 | Orc:2    | Found Aguegg's Distillery.
 16406 | Orc:2    | Bought a potion of curing for 39 gold pieces
 16406 | Orc:2    | Bought a potion of curing for 39 gold pieces
 16406 | Orc:2    | Bought a potion of ambrosia for 104 gold pieces
 16406 | Orc:2    | Bought a potion of haste for 130 gold pieces
 16406 | Orc:2    | Bought a potion of berserk rage for 65 gold pieces
 16438 | Orc:2    | Found Viqu Doi's Jewellery Boutique.
 16476 | Orc:2    | Found Plog's Antique Weapon Shoppe.
 16556 | Orc:2    | Found a staircase to the Elven Halls.
 17049 | D:13     | Found Meiczenno's Jewellery Shop.
 17239 | D:13     | Got a glittering pewter amulet
 17243 | D:13     | Identified the amulet of the Endless Expanse {Spirit rElec
                  | rPois rF- Slay+3} (You found it on level 13 of the Dungeon)
 17522 | D:13     | Found a gate to the Vaults.
 18290 | Shoals:1 | Entered Level 1 of the Shoals
 18466 | Shoals:1 | Found Yribrak's Weapon Shoppe.
 18572 | Shoals:1 | Reached XP level 15. HP: 66/146 MP: 16/18
 19868 | Shoals:3 | Reached skill level 15 in Axes
 20079 | Shoals:3 | Reached skill level 15 in Shields
 20199 | Shoals:4 | Entered Level 4 of the Shoals
 20613 | Shoals:4 | Noticed a kraken
 20634 | Shoals:4 | Killed a kraken
 20636 | Shoals:4 | Reached XP level 16. HP: 123/157 MP: 13/13
 20654 | Shoals:4 | Got a barnacled rune of Zot
 20803 | Snake:1  | Entered Level 1 of the Snake Pit
 21218 | Snake:1  | Found a frozen archway.
 21324 | Snake:2  | Found an ancient bone altar of Kikubaaqudgha.
 21326 | Snake:2  | Noticed Saint Roka
 21610 | Snake:2  | Killed Saint Roka
 21990 | Snake:2  | Noticed Vashnia
 22022 | Snake:2  | Killed Vashnia
 22083 | Snake:2  | Noticed Aizul
 22109 | Snake:2  | Killed Aizul
 22545 | Snake:3  | Reached XP level 17. HP: 168/168 MP: 11/11
 23116 | Snake:3  | Found a runed translucent door.
 23280 | Snake:3  | Noticed Mesmaeker13's ghost (adept KoAs)
 23698 | Snake:4  | Entered Level 4 of the Snake Pit
 23809 | Snake:4  | Reached skill level 15 in Fighting
 23829 | Snake:4  | Got a serpentine rune of Zot
 25003 | D:15     | Entered Level 15 of the Dungeon
 25054 | D:15     | Gained mutation: You passively map a large area around you.
                  | [Deep Dwarf growth]
 25054 | D:15     | Reached XP level 18. HP: 178/178 MP: 12/12
 25145 | D:15     | Found Gozag's Platinum Reserve.
 25153 | D:15     | Found an opulent altar of Gozag.
 25315 | D:15     | Found a staircase to the Depths.
 25906 | Vaults:1 | Entered Level 1 of the Vaults
 26097 | Vaults:1 | Reached skill level 15 in Armour
 27861 | Vaults:2 | Identified Sif Muna's Grimoire of Stones
 27910 | Vaults:2 | Reached XP level 19. HP: 190/190 MP: 11/11
 28014 | Vaults:2 | Noticed a bone dragon
 28043 | Vaults:2 | Killed a bone dragon
 28097 | Vaults:2 | Identified the Almanac of Black Secrets
 28585 | Vaults:3 | Found Numoox's Jewellery Shoppe.
 28691 | Vaults:3 | Found Goanlum's Antique Armour Shoppe.
 28964 | Vaults:3 | Found a staircase to the Crypt.
 29896 | Vaults:4 | Reached XP level 20. HP: 201/201 MP: 13/13
 30348 | Vaults:4 | Found a runed translucent gate.
 30348 | Vaults:4 | Found a runed translucent gate.
 30349 | Vaults:4 | Found a runed translucent gate.
 30350 | Vaults:4 | Noticed Lianjan's ghost (adept GnWr)
 31025 | Depths:1 | Entered Level 1 of the Depths
 31164 | Depths:1 | Found a gateway to Hell.
 31289 | Depths:1 | Reached skill level 15 in Invocations
 31301 | Depths:1 | Found a magical portal.
 31909 | Depths:2 | Noticed a caustic shrike
 31922 | Depths:2 | Killed a caustic shrike
 32090 | Depths:2 | Noticed a golden dragon
 32107 | Depths:2 | Killed a golden dragon
 32107 | Depths:2 | Reached XP level 21. HP: 136/212 MP: 15/15
 32158 | Depths:2 | Found a one-way gate to the infinite horrors of the Abyss.
 32352 | Depths:2 | Found Ifuraemn's Distillery.
 33225 | Depths:2 | Bought a potion of heal wounds for 95 gold pieces
 33225 | Depths:2 | Bought a potion of heal wounds for 95 gold pieces
 33225 | Depths:2 | Bought 2 potions of invisibility for 304 gold pieces
 33250 | Depths:2 | Voluntarily entered the Abyss.
 33250 | Abyss:1  | Found a corrupted altar of Lugonu.
 33253 | Abyss:1  | Found a corrupted altar of Lugonu.
 33615 | Abyss:2  | Identified the Papyrus of Warped Lightness
 33884 | Abyss:2  | Gained mutation: Scrolls take you a little longer to read.
                  | [a neqoxec]
 34383 | Abyss:4  | Found a runed translucent gate.
 34383 | Abyss:4  | Found a runed translucent gate.
 34383 | Abyss:4  | Found a runed translucent gate.
 34469 | Abyss:4  | Found an iron altar of Okawaru.
 34499 | Abyss:4  | Reached XP level 22. HP: 222/222 MP: 16/16
 34502 | Abyss:4  | Found a runed translucent gate.
 34502 | Abyss:4  | Found a runed translucent gate.
 34509 | Abyss:4  | Gained mutation: You are clumsy. (Dex -2) [a cacodemon]
 34598 | Abyss:4  | Gained mutation: You are dopey. (Int -2) [a shining eye]
 34599 | Abyss:4  | Gained mutation: Scrolls take you longer to read. [a
                  | shining eye]
 34618 | Abyss:4  | Gained mutation: Your spells are a little easier to cast,
                  | but a little less powerful. [a neqoxec]
 34730 | Abyss:4  | Found a runed translucent gate.
 34730 | Abyss:4  | Found a runed translucent gate.
 34885 | Abyss:4  | Got a bloodstained plate armour
 35099 | Abyss:4  | Found a glowing golden altar of the Shining One.
 35128 | Abyss:4  | Noticed a juggernaut
 35137 | Abyss:4  | Killed a juggernaut
 35141 | Abyss:4  | Got an abyssal rune of Zot
 35416 | Abyss:4  | Found a corrupted altar of Lugonu.
 35424 | Depths:2 | Escaped the Abyss
 35532 | Depths:3 | Noticed Mara
 35537 | Depths:3 | Noticed Aviak's illusion
 35556 | Depths:3 | Killed Mara
 36066 | Depths:3 | Noticed a juggernaut
 36081 | Depths:3 | Killed a juggernaut
 36187 | Depths:4 | Reached XP level 23. HP: 189/233 MP: 12/17
 36313 | Depths:4 | Identified the cursed +0 plate armour of Existentialism
                  | {Dex+3 Stlth+} (You found it on level 4 of the Abyss)
 36319 | Depths:4 | Noticed Mennas
 36368 | Depths:4 | Killed Mennas
 36410 | Depths:4 | Found Optiabeo's Distillery.
 36412 | Depths:4 | Found Cugapn's Antique Weapon Emporium.
 36412 | Depths:4 | Found Ziotes's General Store.
 36415 | Depths:4 | Found Fuic's Weapon Shoppe.
 36420 | Depths:4 | Bought 2 potions of heal wounds for 120 gold pieces
 36420 | Depths:4 | Bought a potion of heal wounds for 60 gold pieces
 36420 | Depths:4 | Bought a potion of heal wounds for 60 gold pieces
 36420 | Depths:4 | Bought a potion of might for 48 gold pieces
 36420 | Depths:4 | Bought a potion of heal wounds for 60 gold pieces
 36420 | Depths:4 | Bought a potion of haste for 120 gold pieces
 36670 | Depths:4 | Found Jyczyem's Magic Scroll Shoppe.
 36846 | Depths:4 | Found a gateway to a ziggurat.
 37093 | Depths:5 | Entered Level 5 of the Depths
 37122 | Depths:5 | HP: 9/235 [deep troll shaman (14)]
 37126 | Depths:5 | HP: 4/235 [iron troll (26)]
 37129 | Depths:5 | Slain by a deep troll shaman

Levels and vault maps discovered:
D:1:      lightli_arrival_chessboard, layout_loops_corners
D:2:      layout_basic, first_ration, serial_curves, eino_curves_04,
          eino_curves_03, chequers_ecumenical_altar_simple_redux
D:3:      layout_basic, minmay_quadrilaterals
D:4:      layout_basic, minmay_temple_entry_sparse_star, uniq_blork_the_orc
D:5:      layout_basic, uniq_prince_ribbit1, uniq_eustachio
D:6:      layout_rooms, serial_shops, kennysheep_little_box,
          corexii_hall_statues_deadend, grunt_dithmenos_smoke_and_mirrors,
          uniq_menkaure
D:7:      layout_gridville, serial_shops, shop, grunt_livestock,
          grunt_qazlal_clouds, uniq_duvessa
D:8:      layout_rooms, yredelemnul_altar_generic
D:9:      layout_irregular_city, serial_shops, shop, nicolae_ru_awakened_eye,
          uniq_joseph
D:10:     layout_basic, orc_0_dummy
D:11:     layout_stronghold, erik_lair_orcish_takeover, nicolae_island_escapes
D:12:     layout_roguey, special_room [special_room_orc], basic_altar,
          nicolae_ashenzari_panopticon
D:13:     layout_roguey, david_vaults_4, serial_shops, kennysheep_mini_moat
D:14:     layout_cross, eino_house_with_fridge
D:15:     gammafunk_enter_depths_forms, layout_irregular_city,
          hangedman_abyss_or_decor_lesser_grid, nicolae_gozag_zags_fifth_avenue
Temple:   grunt_wide_crystal_templ
Lair:1:   layout_gridlike, chequers_serial_rivers_large_b, grunt_megastairs_1,
          serial_bayou_shore_a, minmay_lair_oklob_chamber
Lair:2:   layout_regular_city
Lair:3:   layout_roguey, shoals_dummy_entry, minmay_snake_entry_guardpost_large,
          gauntlet_entry_generic, serial_bayou_shore_b, grunt_megastairs_4
Lair:4:   layout_small_grid
Lair:5:   layout_regular_city, minmay_slime_entry_pillars
Lair:6:   due_jungle_book, layout_cave_pods, guppyfry_lair_drakes,
          infiniplex_staircase_pool_2, uniq_josephine
Shoals:1: layout_shoals, serial_shops, shop_statue
Shoals:2: layout_shoals, serial_shops, shop, shop_fountains, shop
Shoals:3: layout_shoals
Shoals:4: shoals_end_hangedman, layout_shoals, nicolae_shoals_drake_roost
Snake:1:  layout_rooms, portal_ice_cave_entry_horrid_things
Snake:2:  layout_layer_cave, basic_altar, uniq_aizul, uniq_vashnia,
          uniq_saint_roka
Snake:3:  layout_layer_cave, gammafunk_ghost_grave, grunt_megastairs_3
Snake:4:  grunt_snake_rune_serpentine_throne, layout_gridlike, serial_shops,
          nicolae_shop_temple_entry_statues_fountains, nicolae_snake_lava_pool,
          lemuel_fruit_tree
Orc:1:    layout_caves, mines2_lemuel
Orc:2:    st_orc_town, layout_caves, basic_altar
Vaults:1: nicolae_vaults_little_squares_2, v_misc_3, grunt_vaults_focal,
          ontoclasm_vaults_eye, v_misc_10, vaults_room_pools, vaults_room_pool,
          nicolae_vaults_yaktaur_gun_rack, v_misc_17,
          nicolae_vaults_big_angled_halls, v_misc_8, v_misc_30,
          layout_vaults_omnibox
Vaults:2: vaults_dpeg_doors, hangedman_vaults_stream,
          vaults_room_grunt_arrival_checkpoint, st_lattice,
          grunt_vaults_diagonal, vaults_dpeg_cross, hangedman_vaults_nails,
          hangedman_vaults_trim, layout_vaults_omnigrid,
          serial_hangedman_research, hangedman_research_thanatology,
          hangedman_research_geology
Vaults:3: vaults_room_semicircle, nicolae_vaults_hallways_thing, st_squares,
          nicolae_vaults_diagonal_hallway_8, vaults_room_mumra_shop_pool,
          nicolae_vaults_little_squares_6, minmay_crypt_entry_simple_sparse,
          nicolae_vaults_mini_display_case, v_alt_pattern_1,
          hangedman_vaults_trim, nicolae_vaults_little_squares_6,
          nicolae_vaults_ring_of_whatevers, layout_vaults_big_room,
          serial_shops, shop
Vaults:4: gammafunk_vaults_ghost_tricky_traps, v_alt_pattern_6,
          hangedman_vaults_maws, ontoclasm_vaults_ring_small, v_rooms_2,
          dpeg_vaults_monster_row, hangedman_vaults_corner_blocks,
          vaults_mumra_chevron, dpeg_vaults_monster_box,
          vaults_mumra_chevron_long, nicolae_vaults_statue_guard,
          hangedman_vaults_restitches, vaults_mumra_lcd, layout_vaults_ring
Depths:1: layout_gridlike, mu_enter_wizlab_1, grunt_mini_vestibule,
          grunt_decor_one_mirror, lemuel_old_faithful
Depths:2: minmay_the_grid_square_5x5_5x5 [minmay_the_grid_square_5x5_six_small,
          minmay_the_grid_square_5x5_minibox,
          minmay_the_grid_square_5x5_hourglass,
          minmay_the_grid_square_5x5_spiral,
          minmay_the_grid_square_5x5_three_small,
          minmay_the_grid_square_5x5_beaten_path,
          minmay_the_grid_square_5x5_prize_rear_guard,
          minmay_the_grid_square_5x5_empty,
          minmay_the_grid_square_5x5_prize_snowflake,
          minmay_the_grid_square_5x5_inner_i,
          minmay_the_grid_square_5x5_longway,
          minmay_the_grid_square_5x5_moneybag,
          minmay_the_grid_square_5x5_prize_junk,
          minmay_the_grid_square_5x5_inner_v,
          minmay_the_grid_square_5x5_three_walls,
          minmay_the_grid_square_5x5_inner_z,
          minmay_the_grid_square_5x5_prize_gold,
          minmay_the_grid_square_5x5_shrine1,
          minmay_the_grid_square_5x5_prize_monsterx,
          minmay_the_grid_square_5x5_two_small,
          minmay_the_grid_square_5x5_detours,
          minmay_the_grid_square_5x5_almost_minimal,
          minmay_the_grid_square_5x5_v, minmay_the_grid_square_5x5_one_wall,
          minmay_the_grid_square_5x5_lines], layout_basic, pf_coc_iceberg,
          serial_shops, nicolae_shop_behind_doors, nrook_mini_vaults,
          serial_rivers, chequers_serial_rivers_micro_a,
          chequers_serial_rivers_small_b, chequers_serial_rivers_small_b,
          chequers_serial_rivers_room_a, chequers_serial_rivers_micro_a,
          chequers_serial_rivers_room_a, abyss_entry, infiniplex_staircase_river
Depths:3: cross_vault, layout_cave_shapes, chequers_serial_rivers_room_a,
          grunt_pan_entry_sceptre, hell_entry, kennysheep_generic_room_4,
          infiniplex_staircase_zigzag_1, uniq_mara
Depths:4: minmay_bubble_buster, layout_cave_shapes, enter_ziggurat_f,
          abyss_entry, serial_shops, kennysheep_mini, hell_entry,
          minmay_shoptagon, minmay_staircase_bubble, uniq_mennas
Depths:5: evilmike_zot_entry_diamond, layout_cave_pools, hell_entry,
          nicolae_water_bricks, laboratory, uniq_boris

Skill      XL: |  1  2  3  4  5  6  7  8  9 10 11 12 13 14 15 16 17 18 19 20 21 22 23 |
---------------+----------------------------------------------------------------------+-----
Axes           | 3 4 5 7 8 9 11 12 13 14 15 17 18 | 18.0
Fighting       | 3 4 5 7 8 9 10 11 12 13 14 15 16 17 18 19 20 | 20.1
Dodging        | 1 3 5 8 |  8.0
Armour         | 4 5 7 8 9 10 11 13 14 16 17 18 19 20 21 | 21.1
Shields        | 4 5 6 8 9 10 12 13 14 15 16 17 18 19 20 21 | 21.9
Invocations    | 3 6 9 12 13 14 15 | 15.0
Evocations     | 3 |  3.0
Stealth        | |  0.6

Action                   |  1- 3 |  4- 6 |  7- 9 | 10-12 | 13-15 | 16-18 | 19-21 | 22-24 || total
-------------------------+-------+-------+-------+-------+-------+-------+-------+-------++-------
Melee: War axe           |   122 |   148 |   447 |    28 |       |       |       |       ||   745
       Broad axe         |       |       |       |   552 |  1160 |  1173 |  1550 |   780 ||  5215
Invok: Minor Destruction |       |       |       |     7 |     3 |       |       |       ||    10
       Lesser Servant of |       |       |       |     4 |     8 |       |       |       ||    12
       Greater Servant o |       |       |       |       |     3 |     5 |     3 |     4 ||    15
       Major Destruction |       |       |       |       |     1 |       |       |       ||     1
 Abil: Heal Wounds       |       |     4 |    11 |     4 |    22 |     6 |       |     1 ||    48
Evoke: Wand              |       |       |     3 |     1 |    14 |       |       |       ||    18
       Lightning rod     |       |       |       |       |     6 |     3 |       |       ||     9
       Lamp of fire      |       |       |       |       |     1 |     1 |       |       ||     2
  Use: Potion            |       |       |     4 |     3 |     7 |     2 |       |    11 ||    27
       Scroll            |       |       |       |    15 |    17 |     9 |     8 |     1 ||    50
 Stab: Petrified         |       |       |       |     2 |       |       |       |       ||     2
       Distracted        |       |       |       |     1 |       |     1 |       |     3 ||     5
       Confused          |       |       |       |       |       |       |     1 |       ||     1
  Eat: Chunk             |     2 |     5 |    10 |    30 |    18 |    14 |    17 |     3 ||    99
       Ration            |       |       |       |       |     3 |     3 |     3 |     1 ||    10
Armor: Scale mail        |    62 |    39 |       |       |       |       |       |       ||   101
       Plate armour      |       |    55 |   273 |   351 |   395 |   337 |   231 |       ||  1642
       Skin              |       |       |     1 |       |       |       |       |       ||     1
       Gold dragon scale |       |       |       |       |       |       |   196 |   417 ||   613
Dodge: Dodged            |    46 |    43 |   121 |   190 |   294 |   174 |   214 |   166 ||  1248
Block: Shield            |    67 |    95 |   317 |   447 |  1033 |   345 |       |       ||  2304
       Reflection        |       |       |       |       |    44 |   123 |    77 |    31 ||   275
       Large shield      |       |       |       |       |       |   849 |  1609 |  1080 ||  3538
